 Dungeon Crawl Stone Soup version 0.28.0-62-gf88900778d (webtiles) character file.

Game seed: 13779361965789948519

4633 cbfl8 the Cleaver (level 10, -1/61 (68) HPs)
             Began as a Minotaur Fighter on Oct 5, 2023.
             Was a Follower of Hepliaklqana.
             Killed from afar by a steam dragon (16 damage)
             ... with a ball of steam
             ... on level 7 of the Dungeon.
             The game lasted 00:10:31 (10570 turns).

cbfl8 the Cleaver (Minotaur Fighter)               Turns: 10570, Time: 00:10:33

HP:   -1/61 (68)    AC: 16    Str: 20    XL:     10   Next: 20%
MP:   9/9           EV:  5    Int:  5    God:    Hepliaklqana [*.....]
Gold: 339           SH: 15    Dex: 15    Spells: 9/9 levels left

rFire   . . .      SeeInvis .   a - +0 war axe
rCold   . . .      Faith    .   v - +0 kite shield
rNeg    . . .      Spirit   .   c - +0 plate armour
rPois   +          Reflect  +   (helmet unavailable)
rElec   .          Harm     .   k - +1 cloak
rCorr   .          Rampage  .   (no gloves)
Will    +....                   (no boots)
Stlth   ..........              p - amulet of reflection
HPRegen 0.20/turn               q - ring of poison resistance
MPRegen 0.11/turn               z - ring of willpower

@: heavily drained
A: reduced essence, horns 3, retaliatory headbutt, frail 1
a: Renounce Religion, Recall Ancestor, Ancestor Identity


You were on level 7 of the Dungeon.
You worshipped Hepliaklqana.
Hepliaklqana was aware of your devotion.
You visited 2 branches of the dungeon, and saw 8 of its levels.
You also visited: Bailey.

You collected 339 gold pieces.

Inventory:

Hand Weapons
 a - a +0 war axe (weapon)
Missiles
 r - 2 throwing nets
Armour
 c - a +0 plate armour (worn)
 k - a +1 cloak (worn)
 v - a +0 kite shield (worn)
Jewellery
 p - an amulet of reflection (around neck)
 q - a ring of poison resistance (left hand)
 z - a ring of willpower (right hand)
Wands
 b - a wand of iceblast (4) (quivered)
 d - a wand of mindburst (2)
Scrolls
 e - 2 scrolls of enchant weapon {unknown}
 h - 3 scrolls of fog
 l - a scroll of brand weapon {unknown}
 m - 2 scrolls of enchant armour
 o - a scroll of fear
 s - a scroll of silence {unknown}
 t - 2 scrolls of teleportation {unknown}
 w - a scroll of summoning {unknown}
 x - a scroll of holy word {unknown}
Potions
 f - a potion of ambrosia {unknown}
 g - 2 potions of invisibility {unknown}
 i - 2 potions of berserk rage {unknown}
 j - 2 potions of heal wounds {unknown}
 u - a potion of might
 A - a potion of experience {unknown}
 B - 4 potions of haste {unknown}
 C - a potion of mutation
 D - 2 potions of cancellation {unknown}
 E - 2 potions of magic {unknown}
 F - 2 potions of resistance {unknown}


   Skills:
 + Level 7.1 Fighting
 + Level 10.9 Axes
 + Level 8.7 Armour
 + Level 7.7 Shields
 * Level 5.9 Evocations


You had 9 spell levels left.
You didn't know any spells.
Your spell library contained the following spells:

 Spells                   Type           Power      Damage    Failure   Level
 Sting                    Tmut/Pois      0%         1d3       100%        1
 Poisonous Vapours        Pois/Air       0%         N/A       100%        2
 Frozen Ramparts          Ice            0%         1d2       100%        3
 Inner Flame              Hex/Fire       0%         N/A       100%        3
 Cause Fear               Hex            0%         N/A       100%        4
 Fulminant Prism          Conj/Hex       0%         3d6       100%        4
 Ice Form                 Ice/Tmut       0%         N/A       100%        4
 Iskenderun's Mystic Bla  Conj/Tloc      0%         2d3       100%        4
 Olgreb's Toxic Radiance  Pois           0%         N/A       100%        4
 Summon Ice Beast         Ice/Summ       0%         N/A       100%        4
 Blade Hands              Tmut           0%         N/A       100%        5
 Irradiate                Conj/Tmut      0%         3d14      100%        5
 Lee's Rapid Deconstruct  Erth           0%         3d5*      100%        5
 Dragon Form              Tmut           0%         N/A       100%        7
 Discord                  Hex            0%         N/A       100%        8


Dungeon Overview and Level Annotations

Branches:
Dungeon (7/15)             Temple (1/1) D:4          Bailey (visited)

Altars:
Dithmenos
Fedhas
Hepliaklqana
Qazlal
Ru
Uskayaw
Vehumet
Xom
The Shining One


Innate Abilities, Weirdness & Mutations

Your life essence is reduced to manifest your ancestor. (-10% HP)
You have a pair of large horns on your head.
You reflexively headbutt those who attack you in melee.
You are frail. (-10% HP)


Message History

The arrow barely misses the centaur.
Valentine misses the steam dragon.
You block the steam dragon's attack. The steam dragon barely misses you.
The centaur shoots an arrow.
The arrow barely misses you. The steam dragon breathes steam at you.
The ball of steam hits you!
Valentine hits the steam dragon.
Unknown command.
Unknown command.
You are too injured to fight recklessly!
Unknown command.
You are too injured to fight recklessly!
Unknown command.
You are too injured to fight recklessly!
Unknown command.
You are too injured to fight recklessly!
You are engulfed in a cloud of scalding steam.
Valentine closely misses the steam dragon.
The steam dragon bites Valentine.
The steam dragon barely misses Valentine.
The centaur shoots an arrow.
The arrow hits you.
Valentine hits the steam dragon but does no damage.
The steam dragon bites Valentine!
The steam dragon claws Valentine.
Valentine hits the steam dragon.
The steam dragon bites Valentine.
The steam dragon claws Valentine but does no damage.
The centaur shoots an arrow.
The arrow hits Valentine.
Valentine is destroyed!
The steam dragon breathes steam at you. The ball of steam hits you.
* * * LOW HITPOINT WARNING * * *
You closely miss the steam dragon. Your headbutt misses the steam dragon.
The steam dragon is severely wounded.
You are engulfed in a cloud of scalding steam.
The steam dragon bites you but does no damage.
You block the steam dragon's attack.
You hit the steam dragon. You headbutt the steam dragon.
The steam dragon is almost dead.
You block the steam dragon's attack.
The steam dragon claws you but does no damage.
The steam dragon breathes steam at you. The ball of steam hits you!
You die...

**,,,,,......#...#.##....#..#*
**,,,**#..,#.....##.##.......,,
*,,****....##..R###..##........
***,,,**#,...#...###..##.........
*,,,,,**..*#...##.#....#.........
*<,,,,***#.#.........#...........
**,,,,***#..##....#..##..........
*,,,,,,,,#....#§.##..#.......,,.*
*,,**,,,,##.....@###...§§....,,..
*******,......#D## #.........**..
**#...###.§####.§.§....**..
#..,*#.c.D...........,*#.
#*,,,#####......§....,,#. *,,**
#.........##*,.. *****,**
**##..........*,..
******,***,,***,,...c.......,,.#
*,,,,,*,*,,,,,,,.#.###..........


You could see a steam dragon (catching breath) and a centaur.

Vanquished Creatures
  An orc knight (Bailey)
  A wyvern (D:5)
  3 water moccasins
  Duvessa (D:7)
  4 orc warriors (D:6)
  A black bear (D:6)
  2 ice beasts
  3 sky beasts
  A hornet zombie (D:6)
  2 necrophages
  An ogre (D:6)
  A centaur (D:6)
  2 phantoms
  A bullfrog (D:6)
  A wyvern zombie (D:7)
  3 gnoll sergeants
  3 scorpions
  A water moccasin skeleton (D:4)
  Dowan (D:7)
  A howler monkey (D:4)
  11 wights
  An orc priest (D:3)
  2 hounds
  A centaur skeleton (D:7)
  Jessica (D:3)
  3 iguanas
  Natasha (D:3)
  An orc wizard (D:3)
  A killer bee zombie (D:6)
  26 gnolls
  9 adders
  A shadow imp (D:7)
  2 white imps
  An ufetubus (D:5)
  2 adder skeletons
  A worm (D:2)
  4 dart slugs
  32 orcs
  2 bats
  6 endoplasms
  4 giant cockroaches
  7 hobgoblins
  9 kobolds
  6 quokkas
  3 ball pythons
  A frilled lizard (D:1)
  6 goblins
  A jackal zombie (D:3)
  15 rats
194 creatures vanquished.

Vanquished Creatures (collateral kills)
  A bullfrog (D:7)
  A kobold brigand (D:7)
  A centaur zombie (D:6)
  A bullfrog skeleton (D:6)
  A hound (D:7)
  A jelly (D:6)
  An iguana (D:6)
7 creatures vanquished.

Vanquished Creatures (others)
  3 ancestors
3 creatures vanquished.

Grand Total: 204 creatures vanquished

Notes
Turn   | Place    | Note
-------+----------+-------------------------------------------
     0 | D:1      | cbfl8 the Minotaur Fighter began the quest for the Orb.
     0 | D:1      | Reached XP level 1. HP: 19/19 MP: 0/0
    33 | D:1      | Found a faded altar of an unknown god.
   113 | D:1      | Reached XP level 2. HP: 27/27 MP: 1/1
   509 | D:1      | Reached skill level 3 in Axes
   982 | D:2      | Reached XP level 3. HP: 33/33 MP: 2/2
  1060 | D:2      | Reached skill level 1 in Evocations
  1079 | D:2      | Reached XP level 4. HP: 40/40 MP: 3/3
  2106 | D:3      | Noticed a sky beast
  2115 | D:3      | Reached skill level 4 in Axes
  2118 | D:3      | Killed a sky beast
  2119 | D:3      | Reached XP level 5. HP: 25/47 MP: 4/4
  2453 | D:3      | Noticed Jessica
  2460 | D:3      | Killed Jessica
  2461 | D:3      | Reached skill level 5 in Axes
  2464 | D:3      | Gained mutation: You occasionally shout uncontrollably at
                  | your foes. [potion of mutation]
  2464 | D:3      | Gained mutation: You are partially covered in iridescent
                  | scales. (AC +2) [potion of mutation]
  2464 | D:3      | Gained mutation: Your spells are a little harder to cast,
                  | but a little more powerful. [potion of mutation]
  2468 | D:3      | Reached XP level 6. HP: 11/53 MP: 5/5
  2803 | D:3      | Reached skill level 5 in Armour
  2908 | D:3      | Noticed Natasha
  2912 | D:3      | Killed Natasha
  3166 | D:3      | Lost mutation: You are partially covered in iridescent
                  | scales. (AC +2) [potion of mutation]
  3166 | D:3      | Lost mutation: Your spells are a little harder to cast, but
                  | a little more powerful. [potion of mutation]
  3166 | D:3      | Gained mutation: You possess an exceptional clarity of
                  | mind. [potion of mutation]
  3236 | D:4      | Found a glowing golden altar of the Shining One.
  3354 | D:4      | Reached skill level 6 in Axes
  3354 | D:4      | Reached XP level 7. HP: 58/60 MP: 6/6
  3379 | D:4      | Found a staircase to the Ecumenical Temple.
  3508 | Temple   | Entered the Ecumenical Temple
  3536 | Temple   | Became a worshipper of Hepliaklqana the Forgotten
  3700 | D:5      | Entered Level 5 of the Dungeon
  3862 | D:5      | Reached skill level 5 in Fighting
  4210 | D:5      | Reached skill level 7 in Axes
  4596 | D:5      | Found a stormy altar of Qazlal.
  4596 | D:5      | Found a hide-covered altar of Uskayaw.
  4618 | D:5      | Reached XP level 8. HP: 68/68 MP: 7/7
  4999 | D:6      | Reached skill level 8 in Axes
  5356 | D:6      | Reached skill level 5 in Shields
  6521 | D:6      | Reached * piety under Hepliaklqana
  6663 | D:6      | Reached skill level 9 in Axes
  6676 | D:6      | Reached XP level 9. HP: 66/67 MP: 8/8
  7536 | D:6      | Reached skill level 5 in Evocations
  8127 | D:6      | Reached skill level 10 in Axes
  8200 | D:7      | Found a flagged portal.
  8209 | Bailey   | Entered a bailey
  9156 | Bailey   | Noticed an orc knight
  9165 | Bailey   | Killed an orc knight
  9166 | Bailey   | Reached XP level 10. HP: 35/70 MP: 9/9
  9574 | Bailey   | Lost mutation: You possess an exceptional clarity of mind.
                  | [potion of mutation]
  9574 | Bailey   | Lost mutation: You occasionally shout uncontrollably at
                  | your foes. [potion of mutation]
  9574 | Bailey   | Gained mutation: You have hidden genetic defects. [potion
                  | of mutation]
  9574 | Bailey   | Gained mutation: You have a pair of large horns on your
                  | head. [potion of mutation]
  9574 | Bailey   | Gained mutation: You are partially covered in iridescent
                  | scales. (AC +2) [potion of mutation]
 10253 | D:6      | Lost mutation: You have hidden genetic defects. [potion of
                  | mutation]
 10253 | D:6      | Lost mutation: You are partially covered in iridescent
                  | scales. (AC +2) [potion of mutation]
 10253 | D:6      | Gained mutation: You are frail. (-10% HP) [potion of
                  | mutation]
 10253 | D:6      | Gained mutation: Your muscles are strong. (Str +2) [potion
                  | of mutation]
 10253 | D:6      | Lost mutation: Your muscles are strong. (Str +2) [potion of
                  | mutation]
 10318 | D:7      | Noticed Duvessa
 10319 | D:7      | Noticed Dowan
 10326 | D:7      | Killed Duvessa
 10332 | D:7      | Killed Dowan
 10570 | D:7      | Killed from afar by a steam dragon

Illustrated notes

Levels and vault maps discovered:
D:1:      onia_arrival_handbag, layout_loops_cross, serial_rivers,
          chequers_serial_rivers_micro_c, chequers_serial_rivers_small_b,
          chequers_serial_rivers_small_b, chequers_serial_rivers_room_a,
          chequers_serial_rivers_micro_c, chequers_serial_rivers_room_b,
          hellmonk_ecumenical_altar_arch_garden, minmay_misc_feat_five,
          minmay_tromino_v4_a
D:2:      layout_basic, minmay_rat_gold_closets
D:3:      layout_basic, minmay_divided_ellipse, uniq_jessica, uniq_natasha
D:4:      layout_cave_pools, tso_oasis_becter, minmay_temple_entry_mist
D:5:      layout_cave_pools, mainiacjoe_overflow_catwalk_spiral,
          minmay_misc_feat_plants
D:6:      cheibrodos_barr_body, layout_rooms, grunt_ministairs_14,
          feat_on_display
D:7:      layout_cave_pools, enter_bailey_8, uniq_duvessa
Temple:   regret_index_temple_mists

Skill      XL: |  1  2  3  4  5  6  7  8  9 10 |
---------------+-------------------------------+-----
Axes           | 3 4 5 6 7 9 10 | 10.9
Armour         | 4 5 6 7 8 |  8.7
Evocations     | 1 2 3 4 5 |  5.9
Fighting       | 4 5 6 7 |  7.1
Shields        | 4 5 7 |  7.7

Action                   |  1- 3 |  4- 6 |  7- 9 | 10-12 || total
-------------------------+-------+-------+-------+-------++-------
Melee: War axe           |    53 |   109 |   344 |    75 ||   581
       Headbutt          |     4 |    14 |    68 |    16 ||   102
Invok: Ancestor Identity |       |       |     1 |     1 ||     2
Evoke: Wand              |       |       |    12 |       ||    12
  Use: Potion            |       |     5 |     1 |     2 ||     8
       Scroll            |       |     1 |     5 |     1 ||     7
Armor: Scale mail        |    24 |    59 |    39 |       ||   122
       Plate armour      |       |       |    80 |    45 ||   125
Dodge: Dodged            |    21 |    52 |    85 |    14 ||   172
Block: Buckler           |    12 |    23 |    72 |       ||   107
       Kite shield       |       |       |   196 |    81 ||   277
       Reflection        |       |       |     3 |     4 ||     7
